 Dungeon Crawl Stone Soup version 0.26-a0-610-g3e9335bbc7 (webtiles) character file.

Game seed: 16725353946073674643

8736 Peloso the Basher (level 11, -3/77 HPs)
             Began as a Minotaur Fighter on Sept 4, 2020.
             Was a High Priest of Okawaru.
             Slain by a tentacled starspawn (16 damage)
             ... on level 2 of the Abyss.
             The game lasted 00:22:30 (9225 turns).

Peloso the Basher (Minotaur Fighter)                Turns: 9225, Time: 00:22:31

Health: -3/77      AC: 17    Str: 23    XL:     11   Next: 13%
Magic:  0/11       EV:  4    Int:  5    God:    Okawaru [*****.]
Gold:   492        SH: 12    Dex: 11    Spells: 10/10 levels left

rFire    . . .     SeeInvis .   a - +1 long sword (holy)
rCold    . . .     Faith    .   c - +0 kite shield
rNeg     . . .     Spirit   +   C - +0 plate armour
rPois    .         Reflect  .   (helmet restricted)
rElec    .         Harm     .   (no cloak)
rCorr    .                      B - +1 pair of gloves of Plog {+Blink}
MR       .....                  (no boots)
Stlth    ..........             o - amulet of guardian spirit
HPRegen  0.22/turn              G - ring of stealth
MPRegen  0.12/turn              g - ring of attention

@: constricted, studying Summonings
A: retaliatory headbutt, horns 2, [frail 2]
a: Heroism, Finesse, Renounce Religion, Evoke Blink


You were on level 2 of the Abyss.
You worshipped Okawaru.
Okawaru was extremely pleased with you.
You visited 2 branches of the dungeon, and saw 10 of its levels.
You visited the Abyss 1 time.
You also visited: Ossuary.

You collected 492 gold pieces.

Inventory:

Hand Weapons
 a - a +1 long sword of holy wrath (weapon)
 y - a +0 hand crossbow
Missiles
 r - 49 bolts
Armour
 c - a +0 kite shield (worn)
 B - the +1 pair of gloves of Plog (worn) {+Blink}
   (Okawaru gifted it to you on level 8 of the Dungeon)

   It lets you blink.
 C - a +0 plate armour (worn)
 D - a +0 chain mail
Jewellery
 e - an uncursed ring of see invisible
 g - a ring of attention (right hand)
 j - an uncursed ring of protection from magic
 k - an uncursed ring of ice
 o - an amulet of guardian spirit (around neck)
 G - a ring of stealth (left hand)
 I - an uncursed ring of protection from magic
Wands
 K - a wand of acid (8)
 L - a wand of flame (13)
Scrolls
 h - a scroll of amnesia
 i - a scroll of summoning
 l - 3 scrolls of fog
 p - a scroll of enchant weapon
 q - a scroll of immolation
 t - a scroll of blinking
 u - 3 scrolls of magic mapping
 H - 2 scrolls of enchant armour {unknown}
Potions
 d - 4 potions of might
 m - 7 potions of curing
 n - 2 potions of flight
 s - 4 potions of berserk rage
 w - 3 potions of stabbing
 x - 3 potions of brilliance
 z - 2 potions of heal wounds
 A - 3 potions of resistance
 E - 2 potions of haste
 J - a potion of cancellation
Books
 F - a manual of Summonings


   Skills:
 + Level 9.2 Fighting
 + Level 5.9 Long Blades
   Level 10.8 Maces & Flails
 + Level 10.4 Armour
 + Level 3.7 Dodging
 + Level 1.1 Stealth
 + Level 10.0 Shields
 + Level 1.7 Invocations


You had 10 spell levels left.
You didn't know any spells.
Your spell library contained the following spells:

 Spells                   Type           Power        Failure   Level
 Animate Skeleton         Necr           #.....       100%        1
 Apportation              Tloc           #.....       100%        1
 Beastly Appendage        Tmut           #.....       100%        1
 Corona                   Hex            #......      100%        1
 Magic Dart               Conj           #...         100%        1
 Summon Small Mammal      Summ           #...         100%        1
 Blink                    Tloc           N/A          100%        2
 Call Imp                 Summ           #.......     100%        2
 Slow                     Hex            #.......     100%        2
 Wereblood                Tmut           #.......     100%        2
 Conjure Flame            Conj/Fire      #.......     100%        3
 Mephitic Cloud           Conj/Pois/Air  #.......     100%        3
 Spider Form              Tmut/Pois      #.........   100%        3
 Ice Form                 Ice/Tmut       #.......     100%        4
 Blade Hands              Tmut           #.........   100%        5


Dungeon Overview and Level Annotations

Branches:
Dungeon (9/15)             Temple (1/1) D:4            Lair (0/6) D:8
Ossuary (visited)
    Orc: D:9-12

Altars:
Ashenzari
Fedhas
Nemelex Xobeh
Okawaru
Qazlal
Ru
Sif Muna
Trog
Vehumet
Wu Jian
Xom
Yredelemnul
Zin
The Shining One

Annotations:
D:3 4 transporters, fly's ghost, weakling KoDe
D:5 1 runed translucent door, brujo666's ghost, weakling KoDe


Innate Abilities, Weirdness & Mutations

You reflexively headbutt those who attack you in melee.
You have a pair of horns on your head.
[You are very frail. (-20% HP)]


Message History

You writhe in agony.
* * * LOW HITPOINT WARNING * * *
You block the tormentor's attack. The starspawn tentacle constricts you.
You barely miss the tormentor. The tentacled starspawn bites you.
* * * LOW HITPOINT WARNING * * *
You block the tentacled starspawn's attack.
The tormentor hits you but does no damage. x2
A flying skull comes into view.
* * * LOW HITPOINT WARNING * * *
The starspawn tentacle constricts you.
You block the tentacled starspawn's attack.
The tentacled starspawn engulfs you but does no damage.
The flying skull gives a hideous shriek!
You hit the tormentor but do no damage.
You hear a hideous shriek!
The tormentor gestures at you.
You struggle to resist.
The starspawn tentacle constricts you.
The tormentor hits you but does no damage.
The tormentor barely misses you. The tentacled starspawn bites you!!
You die...

. # #. .#.# . )#.
#. z.# #.. #.. .
#..##. #...#..#.
.. .. . #...#.#.##
...# ..
......2..##..## .#
......w@..#...#.
#.......Xw..##.
..#
..#...#..#.#....#
...#......#.#
....#. .....#.#
#..#.....#.#....≈#
#.
#....#..#.#.....
#..##...##...###.#
# ..##.#. .. #


You could see a tentacled starspawn, a tormentor and 2 starspawn tentacles.

Vanquished Creatures
  A two-headed ogre (D:8)
  6 death yaks
  Grinder (D:5)
  A shadow (Abyss:2)
  A water moccasin (D:3)
  3 orc warriors
  An ice beast (D:7)
  3 sky beasts
  3 ogres
  3 phantoms
  5 centaurs
  A big kobold (D:8)
  7 bullfrogs
  A small abomination (Abyss:2)
  5 water moccasin zombies (Ossuary)
  A scorpion (D:6)
  A wight (D:7)
  3 howler monkeys
  3 quasits
  8 orc wizards
  7 hounds
  6 orc priests
  2 centaur skeletons
  3 iguanas
  4 worker ants
  3 big kobold zombies (Ossuary)
  A hound zombie (D:8)
  2 mummies (Ossuary)
  A worker ant zombie (D:6)
  4 gnolls (D:5)
  12 adders
  2 white imps
  3 oozes
  5 adder zombies
  2 adder skeletons
  3 worms
  5 dart slugs
  5 leopard geckos
  20 orcs
  2 ball pythons
  11 bats
  4 giant cockroaches
  6 goblins
  5 hobgoblins
  7 jackals
  10 kobolds
  4 quokkas
  7 frilled lizards
  4 hobgoblin zombies (Ossuary)
  5 kobold zombies (Ossuary)
  8 orc zombies (Ossuary)
  A quokka skeleton (D:4)
  A quokka zombie (D:6)
  5 rats
228 creatures vanquished.

Vanquished Creatures (others)
  35 plants
  2 withered plants (D:2)
37 creatures vanquished.

Grand Total: 265 creatures vanquished

Notes
Turn   | Place    | Note
-------+----------+-------------------------------------------
     0 | D:1      | Peloso the Minotaur Fighter began the quest for the Orb.
     0 | D:1      | Reached XP level 1. HP: 19/19 MP: 0/0
   169 | D:1      | Reached XP level 2. HP: 27/27 MP: 1/1
   698 | D:2      | Found a basalt altar of Yredelemnul.
   716 | D:2      | Reached XP level 3. HP: 22/33 MP: 2/2
   739 | D:2      | Reached skill level 1 in Dodging
  1182 | D:2      | Reached XP level 4. HP: 23/40 MP: 3/3
  1638 | D:2      | Found a shattered altar of Ashenzari.
  1639 | D:2      | Found a sparkling altar of Nemelex Xobeh.
  1860 | D:3      | Found a transporter.
  1860 | D:3      | Noticed fly's ghost (weakling KoDe)
  1882 | D:3      | Found a transporter.
  1983 | D:3      | Reached XP level 5. HP: 47/47 MP: 4/4
  2022 | D:3      | Reached skill level 5 in Shields
  2359 | D:3      | Reached skill level 5 in Armour
  2572 | D:3      | Found a transporter.
  2589 | D:3      | Noticed a water moccasin
  2609 | D:3      | Killed a water moccasin
  2609 | D:3      | Reached XP level 6. HP: 39/55 MP: 3/5
  2820 | D:3      | Found a transporter.
  3008 | D:3      | Found a glowing silver altar of Zin.
  3008 | D:3      | Noticed an angel
  3625 | D:4      | Reached skill level 5 in Fighting
  3625 | D:4      | Reached skill level 5 in Long Blades
  3625 | D:4      | Reached XP level 7. HP: 48/61 MP: 6/6
  3915 | D:4      | Got a fine flail
  3916 | D:4      | Identified the cursed +2 flail of the Twisting Stork
                  | {vorpal, Fragile MP+9 Str+3 SInv} (You found it on level 4
                  | of the Dungeon)
  4130 | D:4      | Found a staircase to the Ecumenical Temple.
  4228 | Temple   | Entered the Ecumenical Temple
  4250 | Temple   | Became a worshipper of Warmaster Okawaru
  4371 | D:5      | Entered Level 5 of the Dungeon
  4371 | D:5      | Noticed Grinder
  4391 | D:5      | Killed Grinder
  4391 | D:5      | Reached skill level 1 in Maces & Flails
  4439 | D:5      | Found a runed translucent door.
  4439 | D:5      | Noticed brujo666's ghost (weakling KoDe)
  4605 | D:5      | Reached * piety under Okawaru
  4605 | D:5      | Reached skill level 1 in Stealth
  4605 | D:5      | Reached XP level 8. HP: 69/69 MP: 7/7
  5456 | D:6      | Reached ** piety under Okawaru
  5503 | D:6      | Reached skill level 5 in Maces & Flails
  5687 | D:6      | Found a sand-covered staircase.
  5800 | Ossuary  | Entered an ossuary
  5828 | Ossuary  | Reached XP level 9. HP: 69/75 MP: 8/8
  6216 | D:6      | Reached *** piety under Okawaru
  6379 | D:6      | Found a radiant altar of Vehumet.
  7002 | D:7      | Found a shimmering altar of Xom.
  7425 | D:8      | Found a shimmering altar of Xom.
  7425 | D:8      | Found a shimmering altar of Xom.
  7437 | D:8      | Found a shimmering altar of Xom.
  7468 | D:8      | Noticed a death yak
  7469 | D:8      | Noticed a death yak
  7470 | D:8      | Found a staircase to the Lair.
  7470 | D:8      | Noticed a death yak
  7470 | D:8      | Noticed a death yak
  7471 | D:8      | Noticed a death yak
  7508 | D:7      | Killed a death yak
  7508 | D:7      | Reached XP level 10. HP: 43/88 MP: 9/9
  7694 | D:8      | Noticed a death yak
  7702 | D:7      | Killed a death yak
  7702 | D:7      | Reached **** piety under Okawaru
  7706 | D:7      | Killed a death yak
  7915 | D:7      | Killed a death yak
  7915 | D:7      | Reached ***** piety under Okawaru
  7931 | D:8      | Killed a death yak
  7931 | D:8      | Reached skill level 10 in Maces & Flails
  7931 | D:8      | Reached skill level 1 in Invocations
  7939 | D:8      | Killed a death yak
  7939 | D:8      | Reached skill level 10 in Armour
  8116 | D:8      | Noticed a two-headed ogre
  8124 | D:8      | Killed a two-headed ogre
  8124 | D:8      | Reached XP level 11. HP: 88/97 MP: 11/11
  8491 | D:8      | Received a gift from Okawaru
  8501 | D:8      | Got a pair of jewelled gloves {god gift}
  8507 | D:8      | Identified the +1 pair of gloves of Plog {+Blink} (Okawaru
                  | gifted it to you on level 8 of the Dungeon)
  8842 | D:9      | Cast into level 2 of the Abyss (unwielding a weapon of
                  | distortion)
  8897 | Abyss:2  | Noticed a thrashing horror
  8902 | Abyss:2  | Noticed a glowing orange brain
  8956 | Abyss:2  | Noticed a starcursed mass
  9013 | Abyss:2  | Noticed a glowing shapeshifter
  9013 | Abyss:2  | a glowing shapeshifter changed into an elephant
  9017 | Abyss:2  | Noticed a satyr
  9017 | Abyss:2  | a slime creature changed into a satyr
  9019 | Abyss:2  | Noticed an entropy weaver
  9019 | Abyss:2  | a satyr changed into an entropy weaver
  9020 | Abyss:2  | an entropy weaver changed into something unseen
  9022 | Abyss:2  | Noticed an eight-headed hydra
  9024 | Abyss:2  | Noticed a satyr
  9024 | Abyss:2  | an eight-headed hydra changed into a satyr
  9026 | Abyss:2  | Noticed a wolf spider
  9026 | Abyss:2  | a satyr changed into a wolf spider
  9031 | Abyss:2  | Noticed a bone dragon
  9031 | Abyss:2  | a wolf spider changed into a torpor snail
  9034 | Abyss:2  | Noticed a sea snake
  9034 | Abyss:2  | a cyclops changed into a sea snake
  9036 | Abyss:2  | a sea snake changed into a tarantella
  9037 | Abyss:2  | Noticed a harpy
  9037 | Abyss:2  | a tarantella changed into a harpy
  9153 | Abyss:2  | Noticed a wretched star
  9211 | Abyss:2  | Reached skill level 10 in Shields
  9219 | Abyss:2  | Noticed a tentacled starspawn
  9225 | Abyss:2  | Slain by a tentacled starspawn

Illustrated notes

Levels and vault maps discovered:
D:1:      eino_arrival_water_star, layout_basic, minmay_misc_feat_tiny
D:2:      layout_basic, yredelemnul_altar_generic,
          gammafunk_temple_overflow_statue, serial_curves, eino_curves_01,
          eino_curves_02
D:3:      gammafunk_steamed_eel, layout_loops_ring, zin_angel,
          gammafunk_ghost_stat_death
D:4:      layout_loops_ring, minmay_temple_entry_overgrown
D:5:      layout_loops_ring, hellmonk_ghost_happy_afterlife, uniq_grinder
D:6:      layout_rooms, lemuel_coloured_pillars_altar,
          nicolae_ossuary_entry_ruins, grunt_ministairs_13,
          chequers_serial_rivers_micro_d, serial_bayou_lagoon_a
D:7:      layout_loops_cross, marbit_many_paths, minmay_manual_macuahuitl
D:8:      layout_basic, dpeg_lair_monsters, xom_redecorated
D:9:      layout_cave_pools, serial_shops, nicolae_shop_trees
Temple:   eino_temple_scatter_basement
Abyss:2:  base: D:13, due_exit_kobolds, evilmike_abyss_exit_glass,
          hangedman_abyss_theft, bh_abyss_exit_spiral, bh_abyss_exit_spiral

Skill      XL: |  1  2  3  4  5  6  7  8  9 10 11 |
---------------+----------------------------------+-----
Armour         | 4 5 6 7 9 10 | 10.4
Shields        | 4 5 6 7 8 9 10 | 10.0
Fighting       | 4 5 6 7 9 |  9.2
Dodging        | 1 2 3 |  3.7
Long Blades    | 3 4 5 |  5.9
Maces & Flails | 1 5 8 10 | 10.8
Stealth        | 1 |  1.1
Invocations    | 1 |  1.7

Action                   |  1- 3 |  4- 6 |  7- 9 | 10-12 || total
-------------------------+-------+-------+-------+-------++-------
Melee: Long sword        |    85 |   176 |       |    18 ||   279
       Headbutt          |    14 |    31 |    76 |    28 ||   149
       Flail             |       |       |   315 |   112 ||   427
Invok: Heroism           |       |       |     3 |     6 ||     9
  Use: Potion            |     3 |       |     1 |     2 ||     6
       Scroll            |       |     1 |    16 |     6 ||    23
Armor: Scale mail        |    50 |    56 |    34 |       ||   140
       Chain mail        |       |       |    53 |       ||    53
       Plate armour      |       |       |    15 |    46 ||    61
Dodge: Dodged            |    34 |    49 |    88 |    32 ||   203
Block: Kite shield       |    76 |    88 |   173 |    75 ||   412
       Rpst.: Long sword |     9 |    16 |       |     2 ||    27

Table legend: (Time is in decaauts)
 A = Elapsed time spent in this place.
 B = Non-inter-level travel time spent in this place.
 C = Inter-level travel time spent in this place.
 D = Time resting spent in this place.
 E = Time spent auto-exploring this place.
 F = Levels seen in this place.
 G = Mean time per level.
                   A        B        C        D        E       F      G
               +--------+--------+--------+--------+--------+-----+--------+
         Total |   9346 |   9199 |    147 |    872 |   5863 |  12 |  778.8 |
       Dungeon |   8577 |   8430 |    147 |    872 |   5468 |   9 |  953.0 |
        Temple |     42 |     42 |      0 |      0 |     18 |   1 |   42.0 |
         Abyss |    384 |    384 |      0 |      0 |    225 |   1 |  384.0 |
       Ossuary |    341 |    341 |      0 |      0 |    152 |   1 |  341.0 |
               +--------+--------+--------+--------+--------+-----+--------+

Top non-repeatable levels by time:
     D:4: 1267 daAuts
     D:3: 1242 daAuts
     D:7: 1209 daAuts
     D:2: 1180 daAuts
     D:5: 1010 daAuts
     D:8: 932 daAuts
     D:6: 914 daAuts
     D:1: 716 daAuts
 Abyss:2: 384 daAuts
 Ossuary: 341 daAuts
     D:9: 103 daAuts
  Temple: 42 daAuts
